 Dungeon Crawl Stone Soup version 0.21-a0-369-g397cdb2 (webtiles) character file.

30 tof the Twirler (level 3, 30/30 HPs)
             Began as a Minotaur Gladiator on Oct 15, 2017.
             Quit the game on level 1 of the Dungeon.
             The game lasted 00:01:50 (595 turns).

tof the Twirler (Minotaur Gladiator)                 Turns: 595, Time: 00:01:50

Health: 30/30      AC:  3    Str: 19    XL:     3   Next: 3%
Magic:  2/2        EV: 13    Int:  5    God:
Gold:   22         SH:  0    Dex: 11    Spells: 2/2 levels left

rFire    . . .     SeeInvis .   a - +0 quarterstaff
rCold    . . .     Gourm    .   (shield currently unavailable)
rNeg     . . .     Faith    .   b - +0 leather armour
rPois    .         Spirit   .   c - +0 hat
rElec    .         Reflect  .   (no cloak)
rCorr    .         Harm     .   (no gloves)
MR       .....                  (no boots)
Stlth    +.........             (no amulet)
HPRegen  0.10/turn              (no ring)
MPRegen  0.08/turn              (no ring)

@: drained
A: retaliatory headbutt, horns 2
a: no special abilities


You were on level 1 of the Dungeon.
You were not hungry.

You visited 1 branch of the dungeon, and saw 1 of its levels.

You collected 22 gold pieces.

Inventory:

Hand Weapons
 a - a +0 quarterstaff (weapon)
Missiles
 d - 3 throwing nets (quivered)
 j - 17 poisoned needles
Armour
 b - a +0 leather armour (worn)
 c - a +0 hat (worn)
Scrolls
 e - a scroll of remove curse {unknown}
Potions
 g - a potion of curing {unknown}
 h - a potion of lignification {unknown}
 k - a potion of flight {unknown}
Comestibles
 f - 2 bread rations
 i - 3 chunks of flesh
 l - a meat ration


   Skills:
 + Level 2.7(2.6) Fighting
 * Level 4.2(4.1) Staves
 + Level 2.3(2.1) Throwing
 + Level 1.0(0.9) Armour
 + Level 3.5(3.4) Dodging


You had 2 spell levels left.
You didn't know any spells.

Dungeon Overview and Level Annotations

Branches:
Dungeon (1/15)

Altars:
Cheibriados


Innate Abilities, Weirdness & Mutations

You reflexively headbutt those who attack you in melee.
You have a pair of horns on your head.


Message History

A goblin is nearby!
You hit the goblin.
The goblin is heavily wounded.
The goblin misses you.
You miss the goblin. Your headbutt misses the goblin.
The goblin is heavily wounded.
The goblin barely misses you. You furiously retaliate!
You headbutt the goblin!
You kill the goblin!
No target in view!
No target in view!
Items here: ( )) † a club; a short sword; 2 stones; a goblin corpse You butcher the goblin corpse.
i - 3 chunks of flesh (gained 1)
Items here: ( )) ÷ a club; a short sword; 2 stones; a goblin skeleton
Items here: ( )) ÷ a club; a short sword; 2 stones; a goblin skeleton A kobold comes into view.
It is wielding a short sword.
Are you sure you want to abandon this character and quit the game? (Confirm with "yes".)

#####.####.# #.## #.#
#..# #.# # ### ##'#
#.# #. #.. ##.###.##
#.##.## ##..##...##
#.....# ##...#.....##
#.K...###....##......
#. #@.##......#####.#
#. #..#.....<.....+.#
#.##..##......#######
#.#...###....###+##
#.#.#.# ##...##...###
#.....# ##..#.....##
###.#.# ##.#.......
#...######+#.......
##....(............


You could see a kobold (sleeping).

Vanquished Creatures
  An ooze (D:1)
  2 dart slugs (D:1)
  A ball python (D:1)
  A hobgoblin (D:1)
  4 bats (D:1)
  4 goblins (D:1)
  8 kobolds (D:1)
  2 rats (D:1)
23 creatures vanquished.

Notes
Turn   | Place    | Note
-------+----------+-------------------------------------------
     0 | D:1      | tof the Minotaur Gladiator began the quest for the Orb.
     0 | D:1      | Reached XP level 1. HP: 18/18 MP: 0/0
   220 | D:1      | Reached XP level 2. HP: 25/25 MP: 1/1
   223 | D:1      | Reached skill level 4 in Staves
   395 | D:1      | Found a snail-covered altar of Cheibriados.
   407 | D:1      | Reached skill level 1 in Armour
   570 | D:1      | Reached XP level 3. HP: 28/30 MP: 2/2
   595 | D:1      | Quit the game

Vault maps used:
D:1:      mrwooster_arrival_arrow, cheibriados_altar_1

Skill      XL: |  1  2 |
---------------+-------+-----
Staves         | 4 |  4.2
Armour         | 1 |  1.0
Fighting       | |  2.7
Throwing       | |  2.3
Dodging        | |  3.5

Action                   || total
-------------------------++-------
Melee: Quarterstaff      ||    38
       Headbutt          ||     2
Armor: Leather armour    ||    11
Dodge: Dodged            ||    33

Table legend:
 A = Spawn XP
 B = Non-spawn XP
 C = Spawn XP percentage of total XP
 D = Spawn monster count
 E = Non-spawn monster count
 F = Spawn count percentage of total count
 G = Total turns spent on level
                    A         B        C        D         E        F      G
               +---------+---------+-------+---------+---------+-------+---------
         Total |       0 |      43 |   0.0 |       0 |      23 |   0.0 |   595
               +---------+---------+-------+---------+---------+-------+---------
           D:1 |       0 |      43 |   0.0 |       0 |      23 |   0.0 |   595
               +---------+---------+-------+---------+---------+-------+---------
